 Dungeon Crawl Stone Soup version 0.25-a0-316-gd28d56f (webtiles) character file.

Game seed: 9117582001513891565, levelgen mode: deterministic

864 Auros the Skirmisher (level 8, -4/71 HPs)
             Began as a Hill Orc Fighter on Dec 24, 2019.
             Was a Follower of Beogh.
             Shot with an arrow by a centaur (6 damage)
             ... on level 6 of the Dungeon.
             The game lasted 00:23:25 (5183 turns).

Auros the Skirmisher (Hill Orc Fighter)             Turns: 5183, Time: 00:23:25

Health: -4/71      AC:  8    Str: 21    XL:     8   Next: 3%
Magic:  8/8        EV:  6    Int:  8    God:    Beogh [*.....]
Gold:   298        SH: 10    Dex: 10    Spells: 7/7 levels left

rFire    . . .     SeeInvis .   a - +1 war axe
rCold    . . .     Gourm    .   c - +0 shield
rNeg     . . .     Faith    .   q - +0 chain mail
rPois    .         Spirit   .   (no helmet)
rElec    .         Reflect  .   (no cloak)
rCorr    +         Harm     .   (no gloves)
MR       .....                  (no boots)
Stlth    ..........             (no amulet)
HPRegen  0.21/turn              f - -2 ring of protection (curse)
MPRegen  0.11/turn              l - ring of resist corrosion

@: about to teleport
A: no striking features
a: Renounce Religion


You were on level 6 of the Dungeon.
You worshipped Beogh.
Beogh was aware of your devotion.
You were not hungry.

You visited 1 branch of the dungeon, and saw 6 of its levels.

You collected 298 gold pieces.

Inventory:

Hand Weapons
 a - a +1 war axe (weapon)
Missiles
 e - 36 sling bullets
 h - 43 bolts
 k - 2 javelins
 n - 136 arrows
 u - 3 throwing nets
 y - 27 poisoned darts
 C - 2 boomerangs
 Z - 98 stones (quivered)
Armour
 b - a +0 scale mail
 c - a +0 shield (worn)
 q - a +0 chain mail (worn)
Jewellery
 f - a cursed -2 ring of protection (left hand)
 l - a ring of resist corrosion (right hand)
 m - an uncursed ring of wizardry
 p - an uncursed ring of resist corrosion
 D - an uncursed amulet of harm
Wands
 o - a wand of iceblast (8)
 B - a wand of flame (14)
Scrolls
 i - a scroll of identify
 v - a scroll of random uselessness
 E - 2 scrolls of fear
Potions
 d - a potion of might
 g - 2 potions of haste {unknown}
 j - 5 potions of heal wounds {unknown}
 r - a potion of mutation {unknown}
 w - 3 potions of curing {unknown}
 x - a potion of experience {unknown}
Comestibles
 z - 6 rations


   Skills:
 + Level 6.4 Fighting
 + Level 6.2 Axes
 + Level 5.7 Armour
 + Level 5.7 Shields
 + Level 1.2 Invocations


You had 7 spell levels left.
You didn't know any spells.
Your spell library was empty.

Dungeon Overview and Level Annotations

Branches:
Dungeon (6/15)             Temple (0/1) D:4

Altars:
Ashenzari
Dithmenos
Fedhas
Gozag
Okawaru
Ru
Trog
Uskayaw
The Shining One

Annotations:
D:5 Pikel
D:6 1 runed translucent door, Blork the orc; doctagon's ghost, novice OpMo


Message History

The bullfrog hits you but does no damage.
A centaur comes into view.
The centaur wields a +0 shortbow.
The centaur shoots an arrow.
You block the arrow.
The crimson imp shouts, "Get thee hence, thou venomed fob-snatching mule!"
Found 25 stones.
You see here an arrow.
The centaur shoots an arrow.
You block the arrow.
The bullfrog hits you but does no damage.
The centaur shoots an arrow.
The arrow barely misses you.
You see here an arrow.
You block the bullfrog's attack.
The centaur shoots an arrow.
The arrow hits you!
* * * LOW HITPOINT WARNING * * *
You see here an arrow.
As you read the scroll of teleportation, it crumbles to dust.
You feel strangely unstable. You block the bullfrog's attack.
The crimson imp shouts, "Despair, thou pecksniffian crook-pated bloater!"
The centaur shoots an arrow.
The arrow hits you.
You die...

.. ... .. ....
...### #(..
..c#..#### #..#
.........##..
#..........##
#........@!.#
#.......oF..#
+......(....#
#.....5(....#
#...........#
####..>.......##
........$......##
o...............#
#................#


You could see a bullfrog, a centaur, an orc priest and a crimson imp.

Vanquished Creatures
  A sky beast (D:5)
  A black bear (D:4)
  An ogre (D:4)
  A centaur (D:5)
  2 scorpions (D:5)
  A centaur zombie (D:5)
  A centaur skeleton (D:4)
  An orc wizard (D:3)
  2 iguanas (D:4)
  Terence (D:3)
  A worker ant (D:4)
  Robin (D:4)
  3 gnolls (D:6)
  6 adders
  A river rat (D:4)
  An adder skeleton (D:4)
  2 worms
  6 dart slugs
  A leopard gecko (D:3)
  5 orcs (D:3)
  5 ball pythons
  5 giant cockroaches
  14 goblins
  5 hobgoblins
  7 jackals
  10 kobolds
  9 bats
  8 frilled lizards
  2 jackal skeletons (D:4)
  11 rats
115 creatures vanquished.

Notes
Turn   | Place    | Note
-------+----------+-------------------------------------------
     0 | D:1      | Auros the Hill Orc Fighter began the quest for the Orb.
     0 | D:1      | Reached XP level 1. HP: 19/19 MP: 1/1
   186 | D:1      | Reached XP level 2. HP: 27/27 MP: 2/2
   450 | D:1      | Reached XP level 3. HP: 29/33 MP: 3/3
  1354 | D:2      | Reached XP level 4. HP: 40/40 MP: 4/4
  1528 | D:2      | Upgraded the game from 0.25-a0-310-g60f0ac2 to
                  | 0.25-a0-316-gd28d56f
  1806 | D:2      | Found a shattered altar of Ashenzari.
  1806 | D:2      | Found an opulent altar of Gozag.
  1939 | D:3      | Noticed Terence
  1947 | D:3      | Killed Terence
  1957 | D:3      | Reached XP level 5. HP: 34/47 MP: 5/5
  2212 | D:3      | Became a worshipper of Beogh the Brigand
  2279 | D:3      | Found a glowing golden altar of the Shining One.
  2997 | D:3      | Found an iron altar of Okawaru.
  3315 | D:4      | Found a staircase to the Ecumenical Temple.
  3332 | D:4      | Reached skill level 5 in Fighting
  3332 | D:4      | Reached XP level 6. HP: 55/56 MP: 6/6
  3490 | D:4      | Noticed Robin
  3498 | D:4      | Killed Robin
  3498 | D:4      | Reached * piety under Beogh
  3689 | D:4      | Found a shadowy altar of Dithmenos.
  3754 | D:4      | Noticed a black bear
  3758 | D:4      | Killed a black bear
  3758 | D:4      | Reached skill level 5 in Axes
  3826 | D:4      | Reached skill level 5 in Armour
  3826 | D:4      | Reached skill level 5 in Shields
  3826 | D:4      | Reached XP level 7. HP: 31/61 MP: 7/7
  4070 | D:4      | Found a sacrificial altar of Ru.
  4070 | D:4      | Found a blossoming altar of Fedhas.
  4093 | D:4      | Found a bloodstained altar of Trog.
  4095 | D:4      | Found a glowing golden altar of the Shining One.
  4096 | D:4      | Found a faded altar of an unknown god.
  4430 | D:5      | Entered Level 5 of the Dungeon
  5061 | D:5      | Reached skill level 1 in Invocations
  5085 | D:5      | Noticed Pikel
  5120 | D:6      | Noticed Blork the orc
  5124 | D:6      | Found a hide-covered altar of Uskayaw.
  5126 | D:6      | Found a runed translucent door.
  5129 | D:6      | Noticed doctagon's ghost (novice OpMo)
  5151 | D:6      | Reached XP level 8. HP: 57/71 MP: 8/8
  5182 | D:6      | HP: 2/71 [centaur/arrow (11)]
  5183 | D:6      | Shot with an arrow by a centaur

Levels and vault maps discovered:
D:1:      dpeg_arrival_rooms_b, layout_rooms
D:2:      layout_basic, gammafunk_temple_overflow_pools, grunt_ministairs_3
D:3:      layout_basic, marbit_many_paths, first_ration, lemuel_tele_altar,
          uniq_terence
D:4:      layout_cave_pools, chequers_temple_overflow_minitemple,
          nicolae_overflow_hidden_temple, minmay_temple_entry_gardened_gates,
          portal_sewer_entry_b, uniq_robin
D:5:      layout_basic, gammafunk_ghost_smash, uniq_pikel
D:6:      layout_cave_pods, lemuel_crystal_altar, old_standard_altar,
          kennysheep_little_box, ebering_ghost_sewer_f, basic_altar,
          uniq_blork_the_orc

Skill      XL: |  1  2  3  4  5  6  7 |
---------------+----------------------+-----
Axes           | 3 4 5 6 |  6.2
Fighting       | 4 5 6 |  6.4
Armour         | 4 5 |  5.7
Shields        | 4 5 |  5.7
Invocations    | 1 |  1.2

Action                   |  1- 3 |  4- 6 |  7- 9 || total
-------------------------+-------+-------+-------++-------
Melee: War axe           |   115 |   159 |   108 ||   382
Throw: Stone             |   116 |   105 |    10 ||   231
Invok: Convert to Beogh  |       |     1 |       ||     1
Evoke: Wand              |       |     3 |       ||     3
  Use: Scroll            |       |       |     8 ||     8
 Stab: Distracted        |       |     1 |       ||     1
  Eat: Chunk             |     2 |     8 |     3 ||    13
       Ration            |       |       |     1 ||     1
Armor: Scale mail        |    36 |       |       ||    36
       Chain mail        |    11 |    62 |    53 ||   126
Dodge: Dodged            |    28 |    32 |    23 ||    83
Block: Shield            |    67 |    81 |    51 ||   199

Table legend:
 A = Non-vault XP
 B = Vault XP
 C = Vault XP percentage of total XP
 D = Non-vault monster count
 E = Vault monster count
 F = Vault count percentage of total count
                 A         B        C        D         E       F
            +---------+---------+-------+---------+---------+-------
      Total |    1108 |     127 |  10.3 |      92 |      23 |  20.0
            +---------+---------+-------+---------+---------+-------
        D:1 |      41 |       0 |   0.0 |      26 |       0 |   0.0
        D:2 |      40 |      17 |  29.8 |      14 |       2 |  12.5
        D:3 |     101 |      37 |  26.8 |      25 |       2 |   7.4
        D:4 |     442 |      73 |  14.2 |      17 |      19 |  52.8
        D:5 |     439 |       0 |   0.0 |       7 |       0 |   0.0
        D:6 |      45 |       0 |   0.0 |       3 |       0 |   0.0
            +---------+---------+-------+---------+---------+-------
